 Dungeon Crawl Stone Soup version 0.29-a0-284-gf9362112df (webtiles) character file.

Game seed: 7643664959300806246

71 garrulousMonolith the Chopper (level 4, -1/40 HPs)
             Began as a Hill Orc Monk on Mar 28, 2022.
             Killed by nerve-wracking pain
             ... invoked by Grinder
              (7 damage)
             ... on level 3 of the Dungeon.
             The game lasted 00:02:50 (1895 turns).

garrulousMonolith the Chopper (Hill Orc Monk)       Turns: 1895, Time: 00:02:50

Health: -1/40      AC:  4    Str: 15    XL:     4   Next: 24%
Magic:  5/5        EV: 12    Int: 10    God:
Gold:   135        SH:  3    Dex: 13    Spells: 3/3 levels left

rFire   . . .      SeeInvis .   i - +0 dagger (venom)
rCold   . . .      Faith    .   k - +0 buckler
rNeg    . . .      Spirit   .   b - +0 robe
rPois   .          Reflect  .   e - +0 helmet
rElec   .          Harm     .   (no cloak)
rCorr   +          Rampage  .   d - +0 pair of gloves
Will    .....                   (no boots)
Stlth   ++........              (no amulet)
HPRegen 0.13/turn               r - ring of resist corrosion
MPRegen 0.09/turn               (no ring)

@: no status effects
A: no striking features
a: no special abilities


You were on level 3 of the Dungeon.
You visited 1 branch of the dungeon, and saw 3 of its levels.

You collected 135 gold pieces.

Inventory:

Hand Weapons
 a - a +0 hand axe
 f - a +0 glaive
 i - a +0 dagger of venom (weapon)
Armour
 b - a +0 robe (worn)
 d - a +0 pair of gloves (worn)
 e - a +0 helmet (worn)
 k - a +0 buckler (worn)
Jewellery
 r - a ring of resist corrosion (left hand)
Scrolls
 n - a scroll of amnesia {unknown}
 p - a scroll of teleportation {unknown}
 q - a scroll of magic mapping {unknown}
 s - a scroll of noise {unknown}
Potions
 l - a potion of attraction
 o - a potion of flight {unknown}


   Skills:
 + Level 4.0 Fighting
 * Level 5.0 Axes
 + Level 1.0 Armour
 + Level 2.7 Dodging
 - Level 1.5 Stealth
 + Level 0.8 Shields
 + Level 1.9 Invocations


You had 3 spell levels left.
You didn't know any spells.
Your spell library was empty.

Dungeon Overview and Level Annotations

Branches:
Dungeon (3/15)

Altars:

Shops:
D:1 (

Annotations:
D:3 Grinder


Message History

Grinder blinks! x2
Throw: 2 javelins
Press: ? - help, Q - select action Shift-Dir - straight line, f/p - Grinder
Aim: Grinder (lightly wounded, fleeing, 55% to hit)
You throw a javelin. The javelin closely misses Grinder.
Grinder blinks!
Throw: javelin
Press: ? - help, Q - select action Shift-Dir - straight line, f/p - Grinder
Aim: Grinder (lightly wounded, fleeing, 55% to hit)
You throw a javelin. The javelin barely misses Grinder.
Grinder blinks! x2
You closely miss Grinder.
Grinder is lightly wounded.
Your transformation is almost over.
Grinder seems to regain her courage.
Grinder blinks!
Press: ? - help, v - describe, . - travel
Here: Grinder (lightly wounded)
The floor.
Grinder is nearby!
Grinder blinks!
You hit Grinder.
Grinder is lightly wounded.
Grinder hits you.
You writhe in agony.
* * * LOW HITPOINT WARNING * * *
You hit Grinder.
Grinder is lightly wounded.
You block Grinder's attack.
You closely miss Grinder.
Grinder is lightly wounded.
You feel less wooden.
Your +0 helmet unmelds from your body.
Your +0 pair of gloves unmelds from your body.
Your +0 robe unmelds from your body.
Grinder hits you.
* * * LOW HITPOINT WARNING * * *
You writhe in agony.
* * * LOW HITPOINT WARNING * * *
You feel better. Grinder gestures at you. Pain shoots through your body!
You die...

....................##
.................(..#
...................(#
....................#
........†...........#
....................#
....................#
.............5......#
.............@.....(#
.##########.##(.....#
#.# ...((.# #..
......# ####.....##
....(# .....# ...((#


You could see Grinder.

Vanquished Creatures
  2 adders (D:2)
  2 bats
  7 endoplasms
  A giant cockroach (D:2)
  4 goblins
  3 hobgoblins (D:1)
  4 jackals (D:2)
  6 quokkas
  4 ball pythons
  2 frilled lizards
  4 kobolds
  7 rats
46 creatures vanquished.

Notes
Turn   | Place    | Note
-------+----------+-------------------------------------------
     0 | D:1      | garrulousMonolith the Hill Orc Monk began the quest for the
                  | Orb.
     0 | D:1      | Reached XP level 1. HP: 19/19 MP: 1/1
   140 | D:1      | Reached XP level 2. HP: 27/27 MP: 2/2
   436 | D:1      | Found Fock's Weapon Shoppe.
   623 | D:1      | Reached skill level 1 in Invocations
   720 | D:2      | Reached XP level 3. HP: 12/33 MP: 3/3
   722 | D:2      | HP: 1/33 [poisoned by an adder]
   962 | D:2      | Found a faded altar of an unknown god.
  1021 | D:2      | Reached skill level 1 in Armour
  1496 | D:2      | Reached XP level 4. HP: 27/40 MP: 5/5
  1510 | D:2      | Reached skill level 5 in Axes
  1862 | D:3      | Noticed Grinder
  1867 | D:3      | Paralysed by Grinder for 7 turns
  1894 | D:3      | HP: 1/40 [Grinder (4)]
  1895 | D:3      | Killed from afar by Grinder

Illustrated notes

Levels and vault maps discovered:
D:1:      minmay_arrival_checkered_box, layout_basic, serial_shops,
          nicolae_shop_bloodbath_and_beyond
D:2:      layout_rooms, ebering_ecumenical_altar_webs, serial_bayou_pond_a
D:3:      cheibrodos_fertilizer, layout_basic, uniq_grinder

Skill      XL: |  1  2  3  4 |
---------------+-------------+-----
Invocations    | 1 |  1.9
Fighting       | 4 |  4.0
Armour         | 1 |  1.0
Axes           | 5 |  5.0
Dodging        | |  2.7
Stealth        | |  1.5
Shields        | |  0.8

Action                   |  1- 3 |  4- 6 || total
-------------------------+-------+-------++-------
Melee: Hand axe          |    17 |       ||    17
       Dagger            |    72 |    44 ||   116
       Punch             |     1 |       ||     1
Throw: Dart              |     1 |     4 ||     5
       Javelin           |       |     6 ||     6
  Use: Scroll            |     1 |     3 ||     4
       Potion            |     2 |     2 ||     4
 Stab: Sleeping          |    10 |     1 ||    11
Armor: Robe              |    13 |    11 ||    24
       Skin              |     1 |       ||     1
Dodge: Dodged            |    55 |    20 ||    75
Block: Buckler           |    17 |     8 ||    25

Table legend: (Time is in decaauts)
 A = Elapsed time spent in this place.
 B = Non-inter-level travel time spent in this place.
 C = Inter-level travel time spent in this place.
 D = Time resting spent in this place.
 E = Time spent auto-exploring this place.
 F = Levels seen in this place.
 G = Mean time per level.
                   A        B        C        D        E       F      G
               +--------+--------+--------+--------+--------+-----+--------+
         Total |   1906 |   1868 |     38 |    437 |    989 |   3 |  635.3 |
       Dungeon |   1906 |   1868 |     38 |    437 |    989 |   3 |  635.3 |
               +--------+--------+--------+--------+--------+-----+--------+

Top non-repeatable levels by time:
     D:2: 1082 daAuts
     D:1: 682 daAuts
     D:3: 141 daAuts
